Map: 中心协议

Players

shengy

  • Race: Zerg Zerg
  • League: Platinum

FailWhale - Winner!

  • Race: Zerg Zerg
  • League: Gold

VOD

Have the link to the VOD?

Description

Time

  • Played on: Dec. 24, 2015, 9:58 p.m.
  • Length: 14:46
Show
View Real Time Build Order
Export as new Build Order

shengy Zerg 

Build Orders: Hatch First 

Get SALT Encoding   

  12  0:01  Drone  
  13  0:08  Drone  
  14  0:16  Overlord  
  14  0:34  Drone x2  
  14  0:35  Drone  
  17  0:45  Drone  
  18  0:58  Hatchery  
  18  1:01  Drone  
  18  1:16  Spawning Pool  
  17  1:21  Drone  
  17  1:22  Extractor  
  17  1:23  Drone  
  18  1:32  Overlord  
  18  1:39  Drone  
  19  1:50  Drone  
  20  2:04  Zergling x2  
  20  2:05  Queen  
  23  2:09  Queen  
  23  2:11  Zergling x2  
  23  2:14  Drone  
  27  2:20  Drone  
  27  2:22  Drone  
  29  2:27  Metabolic Boost  
  29  2:31  Drone  
  29  2:33  Drone  
  31  2:42  Drone  
  32  2:47  Baneling Nest, Queen  
  33  2:54  Zergling x4  
  33  2:57  Drone  
  36  3:06  Spine Crawler  
  36  3:07  Drone  
  36  3:11  Overlord  
  36  3:29  Overlord  
  36  3:33  Baneling x2  
  36  3:35  Baneling x2  
  36  3:37  Zergling x8  
  36  3:38  Zergling x6  
  42  3:57  Lair  
  42  3:59  Drone x2  
  42  4:00  Drone, Roach Warren, Extractor  
  43  4:16  Drone x2  
  45  4:20  Extractor, Drone x4  
  48  4:34  Overlord  
  48  4:35  Overlord  
  48  4:40  Overlord  
  48  4:41  Roach  
  48  4:42  Roach  
  52  4:48  Overlord  
  52  5:01  Roach x5  
  52  5:02  Roach  
  64  5:11  Glial Reconstitution  
  64  5:20  Evolution Chamber x2  
  62  5:26  Roach  
  62  5:27  Roach x3  
  70  5:29  Drone  
  71  5:45  Overseer  
  71  5:49  Zerg Missile Weapons Level 1  
  71  5:54  Drone x6  
  71  5:55  Extractor, Drone  
  77  6:03  Zerg Ground Armor Level 1  
  76  6:33  Roach x3  
  76  6:35  Overlord  
  82  6:51  Extractor  
  82  6:52  Hatchery  
  80  6:55  Extractor  
  79  7:04  Roach x2  
  79  7:05  Roach x4  
  79  7:06  Overlord x2  
  89  7:21  Drone x3  
  76  7:52  Zergling x2  
  76  7:53  Zergling x24  
  76  7:58  Zerg Ground Armor Level 2, Zerg Missile Weapons Level 2  
  60  8:31  Queen, Overlord  
  60  8:33  Roach x5  
  60  8:34  Roach x5  
  82  8:41  Hydralisk Den  
  81  8:43  Drone, Infestation Pit  
  81  8:45  Roach  
  81  8:53  Overseer  
  81  9:01  Ravager  
  81  9:02  Ravager  
  83  9:05  Ravager x2  
  83  9:06  Ravager  
  83  9:07  Ravager  
  86  9:21  Zergling x16  
  86  9:22  Zergling x12  
  81  9:45  Roach x5  
  83  9:46  Roach  
  55  10:08  Roach x4  
  55  10:09  Roach x4  
  68  10:43  Hydralisk  
  68  10:44  Hydralisk x3  
  68  10:49  Extractor  
  75  10:51  Hatchery  
  75  10:54  Extractor  
  73  10:57  Drone x3  
  73  10:58  Drone x2  
  78  11:09  Hydralisk x3  
  84  11:19  Muscular Augments  
  84  11:26  Overseer  
  76  11:48  Roach  
  76  11:49  Roach x6  
  58  12:03  Zergling x2  
  58  12:04  Zergling x12  
  63  12:31  Hydralisk x2  
  64  12:45  Hatchery  
  65  12:54  Overlord  
  65  12:55  Hydralisk  
  65  13:16  Drone x6  
  65  13:17  Drone  
  70  13:27  Roach x2  
  71  13:41  Hydralisk x4  
  74  14:01  Roach x3  
  74  14:02  Roach  
  72  14:27  Roach x3  
Show
View Real Time Build Order
Export as new Build Order

FailWhale Zerg - Winner!

Build Orders: Pool First 

Get SALT Encoding   

  12  0:00  Drone  
  13  0:12  Overlord  
  13  0:17  Drone  
  14  0:30  Drone x2  
  16  0:42  Spawning Pool  
  15  0:44  Extractor  
  15  0:47  Drone  
  15  0:51  Drone  
  15  0:56  Drone  
  17  1:07  Drone  
  18  1:17  Drone  
  19  1:28  Drone  
  19  1:29  Queen  
  22  1:38  Overlord  
  22  1:49  Hatchery  
  22  1:51  Drone  
  22  2:03  Roach Warren  
  22  2:05  Zergling x2  
  22  2:11  Zergling x2  
  23  2:16  Metabolic Boost  
  23  2:21  Zergling x2  
  24  2:33  Zergling x2  
  25  2:38  Overlord, Zergling x4  
  27  2:44  Roach  
  29  2:57  Roach  
  31  3:06  Roach  
  31  3:11  Roach x3  
  39  3:18  Lair  
  39  3:22  Drone x2  
  39  3:25  Drone  
  42  3:33  Drone  
  43  3:36  Overlord  
  43  3:39  Drone  
  43  3:56  Queen  
  43  3:59  Drone x2  
  43  4:00  Drone x2  
  49  4:03  Overlord  
  49  4:10  Extractor  
  49  4:16  Pneumatized Carapace  
  48  4:18  Overseer  
  48  4:25  Drone x3  
  48  4:26  Drone x2  
  48  4:27  Drone  
  48  4:29  Drone  
  55  4:31  Drone  
  55  4:36  Drone  
  55  4:37  Drone  
  55  4:38  Drone  
  59  4:45  Evolution Chamber  
  59  4:48  Overlord  
  59  4:49  Evolution Chamber  
  57  5:01  Extractor  
  57  5:02  Extractor, Overlord  
  57  5:03  Roach x2  
  59  5:12  Hydralisk Den  
  58  5:22  Roach x2  
  58  5:28  Roach  
  64  5:30  Roach  
  64  5:34  Roach  
  68  5:53  Zerg Missile Weapons Level 1  
  68  5:56  Hatchery  
  67  6:04  Glial Reconstitution  
  67  6:20  Zergling x10  
  67  6:21  Zergling x6  
  75  6:38  Overlord x2  
  75  6:39  Overlord  
  75  6:47  Muscular Augments  
  75  6:58  Hydralisk x3  
  81  7:04  Zerg Ground Armor Level 1  
  81  7:07  Hydralisk  
  80  7:18  Queen  
  81  7:34  Hydralisk x4  
  88  7:50  Zergling x6  
  79  8:03  Roach x4  
  85  8:07  Hatchery  
  85  8:08  Roach  
  85  8:09  Roach x4  
  92  8:15  Roach x3  
  92  8:16  Roach x2  
  92  8:18  Roach  
  82  8:28  Roach x2  
  82  8:35  Roach  
  82  8:36  Overlord, Roach x2  
  88  8:54  Hydralisk x3  
  94  8:57  Hydralisk  
  96  9:05  Roach  
  96  9:06  Roach  
  96  9:09  Roach  
  86  9:39  Hydralisk x5  
  86  9:41  Roach  
  86  9:42  Drone x2  
  86  9:45  Drone  
  87  9:47  Drone  
  87  9:51  Roach  
  80  9:56  Roach  
  76  10:11  Drone x7  
  83  10:25  Drone x4  
  83  10:26  Drone x2  
  89  10:29  Drone  
  89  10:35  Lurker Den  
  90  10:43  Roach x3  
  90  10:45  Drone x2  
  90  10:47  Drone  
  90  10:49  Drone  
  100  10:51  Drone  
  100  10:55  Drone x2  
  103  10:58  Drone  
  103  10:59  Drone  
  105  11:10  Hatchery  
  105  11:11  Drone x2  
  106  11:18  Overlord x3  
  106  11:21  Extractor  
  106  11:22  Overseer, Extractor  
  104  11:27  Drone x2  
  104  11:30  Overlord x2  
  92  11:47  Zerg Ground Armor Level 2, Zerg Missile Weapons Level 2  
  80  11:55  Infestation Pit  
  80  11:58  Roach x7  
  80  11:59  Roach  
  79  12:04  Roach x2  
  79  12:05  Roach  
  85  12:08  Roach  
  85  12:09  Roach  
  85  12:14  Roach  
  91  12:16  Roach  
  93  12:27  Roach x2  
  97  12:37  Roach x2  
  97  12:38  Roach  
  97  12:40  Roach  
  103  12:49  Lurker  
  104  12:52  Roach  
  108  12:58  Roach x2  
  108  12:59  Roach  
  108  13:02  Drone  
  108  13:03  Drone x5  
  118  13:14  Roach x4  
  118  13:18  Hydralisk x2  
  128  13:41  Roach x6  
  132  13:42  Roach  
  132  13:43  Drone x2  
  138  14:00  Roach x4  
  146  14:06  Overlord x2  
  144  14:25  Roach x2  
  144  14:26  Roach x6  
Tags
 
Add a new tag
Caveats
  • Supply blocks, unpowered buildings, or Contaminate may cause inaccurate times.
  • Supply counts are checked every 10 seconds.